 Dungeon Crawl Stone Soup version 0.31-a0-267-g3fc6992b3b (webtiles) character file.

Game seed: 13218406275844136251

2536 Gargoyl the Cleaver (level 9, -7/56 HPs)
             Began as a Gargoyle Berserker on July 14, 2023.
             Was a Priest of Trog.
             Killed from afar by a starcursed mass (10 damage)
             ... with an accursed screaming
             ... on level 2 of the Abyss.
             The game lasted 00:07:12 (5062 turns).

Gargoyl the Cleaver (Gargoyle Berserker)            Turns: 5062, Time: 00:07:12

Health: -7/56      AC: 23    Str: 23    XL:     9   Next: 55%
Magic:  9/9        EV: 27    Int:  8    God:    Trog [***...]
Gold:   373        SH:  0    Dex: 11    Spells: 8/8 levels left

rFire   . . .        a - +0 hand axe (venom)
rCold   . . .        (no shield)
rNeg    + . .        o - +3 ring mail "Luri" {SInv Stlth+}
rPois   ∞            p - +0 helmet
rElec   +            g - +2 cloak
rCorr   +            e - +2 pair of gloves
SInv    +            (no boots)
Will    ++...        c - amulet of the acrobat
Stlth   ++           i - ring of resist corrosion
HPRegen 1.29/turn    (no ring)
MPRegen 0.11/turn

%: acrobat
@: strong-willed, on berserk cooldown, acrobatic, regenerating
A: sickness immunity, AC +6, negative energy resistance 1, electricity
resistance, torment resistance 1, petrification resistance
a: Renounce Religion, Berserk, Trog's Hand


You were on level 2 of the Abyss.
You worshipped Trog.
Trog was most pleased with you.
You visited 1 branch of the dungeon, and saw 6 of its levels.
You visited the Abyss 1 time.

You collected 373 gold pieces.

Inventory:

Hand Weapons
 a - a +0 hand axe of venom (weapon)
 r - a +2 war axe of freezing
Missiles
 q - 9 poisoned darts (quivered)
Armour
 e - a +2 pair of gloves (worn)
 g - a +2 cloak (worn)
 o - the +3 ring mail "Luri" (worn) {SInv Stlth+}
   (You found it on level 5 of the Dungeon)

   SInv:      It lets you see invisible.
   Stlth:     It makes you more stealthy.
 p - a +0 helmet (worn)
Jewellery
 c - an amulet of the acrobat (around neck)
 i - a ring of resist corrosion (left hand)
Wands
 j - a wand of flame (23)
Scrolls
 h - 2 scrolls of poison
 l - 3 scrolls of fog
 n - a scroll of enchant armour
Potions
 b - 3 potions of curing
 d - a potion of invisibility {unknown}
 f - a potion of ambrosia
 k - a potion of haste
 m - 2 potions of heal wounds {unknown}
 s - a potion of might {unknown}
 t - 2 potions of enlightenment {unknown}
 v - a potion of resistance {unknown}
 w - a potion of lignification {unknown}


   Skills:
 + Level 6.8 Fighting
 + Level 9.0 Axes
 + Level 5.9 Armour
 + Level 3.6 Dodging
 + Level 1.5 Stealth


You had 8 spell levels left.
You didn't know any spells.
Your spell library was empty.

Dungeon Overview and Level Annotations

Branches:
Dungeon (6/15)             Temple (0/1) D:4

Altars:
Hepliaklqana
Wu Jian
Zin

Annotations:
D:6 British0li's ghost, weakling DsDe


Innate Abilities, Weirdness & Mutations

You are immune to sickness and miasma.
Your stone body is resilient. (AC +6)
You are immune to poison.
You resist negative energy. (rN+)
You are resistant to electric shocks. (rElec)
You are resistant to unholy torment.
You are immune to petrification.


Message History

You slash the starcursed mass!
The starcursed mass is moderately damaged.
The starcursed mass shudders and is absorbed by its neighbour.
You hit the starcursed mass but do no damage.
The starcursed mass is lightly damaged.
A starcursed mass splits.
The starcursed mass touches you but does no damage.
You hit the starcursed mass but do no damage.
The starcursed mass is lightly damaged.
The starcursed mass touches you but does no damage.
You hit the starcursed mass.
The starcursed mass is lightly damaged.
The starcursed mass shudders and is absorbed by its neighbour.
You feel yourself speed up.
The starcursed mass shrieks in your mind.
You hit the starcursed mass but do no damage.
The starcursed mass is lightly damaged.
A starcursed mass splits.
You hit the starcursed mass but do no damage.
The starcursed mass is moderately damaged.
A starcursed mass splits.
A chorus of shrieks assaults your mind.
As you read the scroll labelled SYEKKA HIATYBB, it crumbles to dust.
You feel momentarily disoriented.
It was a scroll of revelation.
A starcursed mass splits. x2
A chorus of shrieks assaults your mind.
* * * LOW HITPOINT WARNING * * *
The starcursed mass touches you but does no damage.
Found a corrupted altar of Lugonu.
Found a gateway leading deeper into the Abyss.
You can't see any enemies this would affect, really read the scroll of poison?
The air fills with toxic fumes!
As you read the scroll of poison, it crumbles to dust.
A chorus of shrieks assaults your mind.
* * * LOW HITPOINT WARNING * * *
The starcursed mass touches you but does no damage.
Unknown command.
A starcursed mass splits.
A chorus of shrieks assaults your mind.
You die...

.. .... .........#
#####...##.#.#.##..
#..#.##.#.#..##
####.##...#.#...#
#.##..##.#.###. .
.#.###.#..##.##
#.##.#..###.#.#
.#..#####...##.
.#.##§@.#X.#.##
#####§§#X##....#
..#§§§#XXX§###..#
##§§§§.#X.#§##..#
§§##§###§#####>.#
.§.##§##.#§#..#. #
.#_.##.#.##..#..
#......##.... .


You could see 4 starcursed masses.

Vanquished Creatures
  2 slime creatures (D:6)
  A water moccasin (D:5)
  2 sky beasts
  An ice beast (D:6)
  A black bear (D:5)
  4 ogres
  A phantom (D:6)
  5 kobold brigands (D:6)
  A gnoll sergeant (D:6)
  A scorpion (D:6)
  A howler monkey (D:6)
  2 electric eels (D:6)
  A hound (D:5)
  An orc priest (D:4)
  4 jellies (D:6)
  A sleepcap (D:6)
  4 iguanas
  Natasha (twice) (D:4)
  3 orc wizards
  11 gnolls
  11 adders
  A shadow imp (D:5)
  2 white imps (D:6)
  2 ufetubi
  2 worms
  A dart slug (D:2)
  18 orcs
  6 ball pythons
  3 bats
  9 endoplasms
  3 giant cockroaches
  8 goblins
  5 hobgoblins
  3 jackals (D:2)
  12 kobolds
  4 quokkas
  3 frilled lizards
  3 rats
145 creatures vanquished.

Notes
Turn   | Place    | Note
-------+----------+-------------------------------------------
     0 | D:1      | Gargoyl the Gargoyle Berserker began the quest for the Orb.
     0 | D:1      | Reached XP level 1. HP: 14/14 MP: 1/1
   311 | D:1      | Reached XP level 2. HP: 14/19 MP: 2/2
   371 | D:1      | Reached skill level 3 in Axes
   885 | D:2      | Reached XP level 3. HP: 18/23 MP: 3/3
   941 | D:2      | Reached ** piety under Trog
  1042 | D:2      | Found a faded altar of an unknown god.
  1094 | D:2      | Reached XP level 4. HP: 29/29 MP: 4/4
  1170 | D:2      | Reached skill level 1 in Stealth
  1177 | D:2      | Identified the +4 rapier of Uncertain Death {heavy, *Noise
                  | rPois Will++}
  1499 | D:3      | Reached skill level 4 in Axes
  1499 | D:3      | Reached XP level 5. HP: 14/33 MP: 5/5
  2365 | D:4      | Noticed a sky beast
  2387 | D:4      | Killed a sky beast
  2388 | D:4      | Reached XP level 6. HP: 35/39 MP: 6/6
  2634 | D:4      | Found a staircase to the Ecumenical Temple.
  2665 | D:4      | Noticed Natasha
  2673 | D:4      | Killed Natasha
  2690 | D:4      | Reached skill level 5 in Axes
  2898 | D:4      | Reached skill level 5 in Fighting
  2898 | D:4      | Reached XP level 7. HP: 20/44 MP: 7/7
  3083 | D:4      | Noticed Natasha
  3095 | D:4      | Killed Natasha
  3445 | D:5      | Entered Level 5 of the Dungeon
  3472 | D:5      | Found an ornate altar of the Wu Jian Council.
  3493 | D:5      | Reached skill level 6 in Axes
  3495 | D:5      | Reached *** piety under Trog
  3500 | D:5      | Reached XP level 8. HP: 36/50 MP: 8/8
  3555 | D:5      | Found a hazy altar of Hepliaklqana.
  3626 | D:5      | Found a glowing silver altar of Zin.
  3736 | D:5      | Identified the +3 ring mail "Luri" {SInv Stlth+}
  3959 | D:6      | Reached skill level 7 in Axes
  3959 | D:6      | Reached skill level 5 in Armour
  4169 | D:6      | Found a runed translucent gate.
  4180 | D:6      | Found a runed translucent gate.
  4181 | D:6      | Found a runed translucent gate.
  4202 | D:6      | Noticed British0li's ghost (weakling DsDe)
  4229 | D:6      | Reached XP level 9. HP: 56/56 MP: 9/9
  4254 | D:6      | Reached skill level 8 in Axes
  5024 | Abyss:2  | Cast into level 2 of the Abyss (kobold brigand)
  5025 | Abyss:2  | Reached skill level 9 in Axes
  5037 | Abyss:2  | Noticed a starcursed mass
  5060 | Abyss:2  | Found a corrupted altar of Lugonu.
  5061 | Abyss:2  | HP: 2/56 [starcursed mass/accursed screaming (12)]
  5062 | Abyss:2  | Killed from afar by a starcursed mass

Illustrated notes

Levels and vault maps discovered:
D:1:      matt_arrival_diagonals, layout_basic, minmay_crystal_room
D:2:      layout_basic, hellmonk_ecumenical_altar_crossroads
D:3:      layout_basic, kennysheep_cluttered_room, grunt_decor_junction
D:4:      layout_loops_corners, minmay_temple_entry_crystal_x,
          bh_walls_and_bars, uniq_natasha
D:5:      layout_cave_pools, mainiacjoe_overflow_alcove_4,
          mainiacjoe_overflow_large_starburst
D:6:      cheibrodos_fertilizer, layout_cave_pools,
          gammafunk_ghost_nasty_kobolds, fountainhead,
          dreamdust_princess_corridor
Abyss:2:  base:
D:6

Skill      XL: |  1  2  3  4  5  6  7  8  9 |
---------------+----------------------------+-----
Axes           | 3 4 5 6 7 9 |  9.0
Fighting       | 4 5 6 |  6.8
Stealth        | 1 |  1.5
Armour         | 3 4 5 |  5.9
Dodging        | 2 3 |  3.6

Action                     |  1- 3 |  4- 6 |  7- 9 || total
---------------------------+-------+-------+-------++-------
  Melee: Hand axe          |    75 |   150 |    84 ||   309
         Punch             |     1 |     1 |     1 ||     3
         War axe           |       |       |   102 ||   102
 Invoke: Berserk           |     1 |     3 |     6 ||    10
         Trog's Hand       |       |       |     4 ||     4
    Use: Scroll            |     3 |     6 |     6 ||    15
 Armour: Animal skin       |    14 |       |       ||    14
         Chain mail        |    36 |    89 |    54 ||   179
         Ring mail         |       |       |    85 ||    85
  Dodge: Dodged            |    63 |    79 |   119 ||   261

Table legend: (Time is in decaauts)
 A = Elapsed time spent in this place.
 B = Non-inter-level travel time spent in this place.
 C = Inter-level travel time spent in this place.
 D = Time resting spent in this place.
 E = Time spent auto-exploring this place.
 F = Levels seen in this place.
 G = Mean time per level.
                   A        B        C        D        E       F      G
               +--------+--------+--------+--------+--------+-----+--------+
         Total |   5203 |   5087 |    116 |    345 |   3528 |   7 |  743.3 |
       Dungeon |   5153 |   5037 |    116 |    345 |   3516 |   6 |  858.8 |
         Abyss |     49 |     49 |      0 |      0 |     12 |   1 |   49.0 |
               +--------+--------+--------+--------+--------+-----+--------+

Top non-repeatable levels by time:
     D:4: 1330 daAuts
     D:6: 1136 daAuts
     D:1: 883 daAuts
     D:3: 788 daAuts
     D:2: 519 daAuts
     D:5: 494 daAuts
 Abyss:2: 49 daAuts
